 Dungeon Crawl Stone Soup version 0.29-a0-473-gacb4ef3bc5 (webtiles) character file.

Game seed: 11404518306891753820

2 CrazyBamboolord the Ducker (level 1, -2/10 HPs)
             Began as a Felid Monk on May 23, 2022.
             Engulfed by a cloud of flame (12 damage)
             ... on level 1 of the Dungeon.
             The game lasted 00:00:14 (102 turns).

CrazyBamboolord the Ducker (Felid Monk)              Turns: 102, Time: 00:00:15

Health: -2/10      AC:  1    Str:  7    XL:     1   Next: 33%
Magic:  2/2        EV: 19    Int: 11    God:
Gold:   8          SH:  0    Dex: 18    Spells: 0/0 levels left
                                        Lives:  0   Deaths: 0

rFire   . . .      SeeInvis +     - Unarmed
rCold   . . .      Faith    .   (shield unavailable)
rNeg    . . .      Spirit   .   (body armour unavailable)
rPois   .          Reflect  .   (helmet unavailable)
rElec   .          Harm     .   (cloak unavailable)
rCorr   .          Rampage  .   (gloves unavailable)
Will    .....                   (boots unavailable)
Stlth   ++........              (no amulet)
HPRegen 0.03/turn               (no ring)
MPRegen 0.08/turn               (no ring)

@: quick
A: very small, claws 1, fangs 3, see invisible, speed 1, shaggy fur 1, stealthy
paws, no weapons or thrown items, no armour, multi-lived
a: no special abilities


You were on level 1 of the Dungeon.
You visited 1 branch of the dungeon, and saw 1 of its levels.

You collected 8 gold pieces.

Inventory:

Potions
 a - a potion of ambrosia


   Skills:
 * Level 3.0 Fighting
 * Level 4.0 Dodging
 + Level 2.7 Stealth
 * Level 3.0 Unarmed Combat


You couldn't memorise any spells.
You didn't know any spells.
Your spell library was empty.

Dungeon Overview and Level Annotations

Branches:
Dungeon (1/15)

Altars:


Innate Abilities, Weirdness & Mutations

You have sharp claws.
You have razor-sharp teeth.
You have supernaturally acute eyesight. (SInv)
You cover ground quickly. (Speed+)
You are covered in fur. (AC +1)
Your paws help you pounce on unaware monsters.
You are incapable of wielding weapons or throwing items.
You cannot wear armour.
You gain extra lives every three experience levels.


Message History

You pounce on the unaware helpless frilled lizard!
You mangle the frilled lizard!!
You kill the frilled lizard!
No target in view!
No target in view!
No target in view!
No target in view!
No target in view!
No target in view!
No target in view!
You now have 8 gold pieces.
A bat comes into view.
A bat is nearby!
A bat is nearby!
You scratch the bat. You bite the bat, but do no damage.
The bat is severely wounded.
The bat closely misses you. The bat barely misses you.
You closely miss the bat. Your bite misses the bat.
The bat is severely wounded.
The bat misses you. The bat barely misses you.
You scratch the bat.
You kill the bat!
No target in view!
No target in view!
No target in view!
No target in view!
No target in view!
No target in view!
No target in view!
No target in view!
No target in view!
No target in view!
You see here a bat corpse.
Found a flail.
You're in a travel-excluded area, stopping explore.
You are engulfed in blazing flames.
Ouch! That really hurt!
You die...

###...#### §..$..§§
§..$).§ ...?. #...# #.#
#§§○# #.# #○°☼# #.#
#§@§# #.# #...#### #.#
####.###.# #.#
##.#....###.###.#######
........†.............##
##.#............#####..#
# ##...######### ##.#
#....# #.# #....# #..


There were no monsters in sight!

Vanquished Creatures
  2 bats (D:1)
  A frilled lizard (D:1)
3 creatures vanquished.

Notes
Turn   | Place    | Note
-------+----------+-------------------------------------------
     0 | D:1      | CrazyBamboolord the Felid Monk began the quest for the Orb.
     0 | D:1      | Reached XP level 1. HP: 10/10 MP: 2/2
   102 | D:1      | Engulfed by a cloud of flame

Illustrated notes

Levels and vault maps discovered:
D:1:      tarquinn_simple_flora_water_d, layout_basic,
          shapermc_ecumenical_altar_venn, lemuel_flame_loot_1

Action                   || total
-------------------------++-------
Melee: Unarmed           ||     6
       Bite              ||     1
 Stab: Sleeping          ||     1
Armor: Skin              ||     2
Dodge: Dodged            ||     7

Table legend: (Time is in decaauts)
 A = Elapsed time spent in this place.
 B = Non-inter-level travel time spent in this place.
 C = Inter-level travel time spent in this place.
 D = Time resting spent in this place.
 E = Time spent auto-exploring this place.
 F = Levels seen in this place.
 G = Mean time per level.
                   A        B        C        D        E       F      G
               +--------+--------+--------+--------+--------+-----+--------+
         Total |     82 |     82 |      0 |      0 |     64 |   1 |   82.0 |
       Dungeon |     82 |     82 |      0 |      0 |     64 |   1 |   82.0 |
               +--------+--------+--------+--------+--------+-----+--------+

Top non-repeatable levels by time:
     D:1: 82 daAuts
